 Dungeon Sprint DCSS version 0.29.1-2-gbd0b4ee654 (webtiles) character file.

Game seed: 15076306529656518728

128 boopmooplesden the Carver (level 4, -3/48 HPs)
             Began as a Minotaur Berserker on Nov 25, 2022.
             Was a Follower of Trog.
             Slain by a neqoxec (12 damage)
             ... in the Dungeon (Sprint II: "The Violet Keep of Menkaure").
             The game lasted 00:00:16 (25 turns).

boopmooplesden the Carver (Minotaur Berserker)        Turns: 25, Time: 00:00:17

Health: -3/48      AC:  2    Str: 19    XL:     4   Next: 86%
Magic:  3/3        EV: 13    Int:  4    God:    Trog [*.....]
Gold:   0          SH:  0    Dex: 12    Spells: 3/3 levels left

rFire   . . .      SeeInvis .   a - +0 falchion
rCold   . . .      Faith    .   (no shield)
rNeg    . . .      Spirit   .   b - +0 animal skin
rPois   .          Reflect  .   (helmet restricted)
rElec   .          Harm     .   (no cloak)
rCorr   .          Rampage  .   (no gloves)
Will    .....      NoTele   +   (no boots)
Stlth   +.........              (no amulet)
HPRegen 0.16/turn               (no ring)
MPRegen 0.08/turn               (no ring)

@: on berserk cooldown, hasted and slowed
A: horns 2, retaliatory headbutt, weak 1
a: Renounce Religion, Berserk


You were in the Dungeon.
You worshipped Trog.
Trog was aware of your devotion.
You visited 1 branch

Inventory:

Hand Weapons
 a - a +0 falchion (weapon)
Armour
 b - a +0 animal skin (worn)
Scrolls
 h - a scroll of blinking
Potions
 c - a potion of curing
 f - 2 potions of magic
 g - a potion of berserk rage


   Skills:
 + Level 8.0 Fighting
 + Level 8.3 Long Blades
 + Level 4.4 Armour
 + Level 3.9 Dodging


You had 3 spell levels left.
You didn't know any spells.
Your spell library was empty.

Dungeon Overview and Level Annotations

Branches:
Dungeon (1/1)

Altars:

Annotations:
D Menkaure


Innate Abilities, Weirdness & Mutations

You have a pair of horns on your head.
You reflexively headbutt those who attack you in melee.
You are weak. (Str -2)


Message History

You feel a strong urge to attack something.
You are no longer berserk.
You are exhausted.
You feel yourself slow down.
The neqoxec shouts! x2
A water moccasin comes into view.
There is an open door, spattered with blood here.
You close the door.
A neqoxec opens the door.
You feel much better. The neqoxec completely misses you.
Menkaure calls on the powers of darkness!
Your body is wracked with pain!
You feel yourself speed up. The neqoxec gestures at you.
Something tries to feed on your intellect!
The neqoxec gestures at you.
Strange energies course through your body.
You feel weaker.
You miss the neqoxec. The neqoxec closely misses you. You furiously retaliate!
You headbutt the neqoxec. You miss the neqoxec.
The neqoxec is lightly wounded.
The neqoxec hits you!
* * * LOW HITPOINT WARNING * * *
You hit the neqoxec. You headbutt the neqoxec.
The neqoxec is heavily wounded.
You completely miss the neqoxec.
The neqoxec is heavily wounded.
The neqoxec closely misses you. You furiously retaliate!
You headbutt the neqoxec. You hit the neqoxec.
The neqoxec is heavily wounded.
The neqoxec barely misses you.
You closely miss the neqoxec.
The neqoxec is heavily wounded.
The neqoxec closely misses you. You furiously retaliate!
You headbutt the neqoxec. You barely miss the neqoxec. You punch the neqoxec.
The neqoxec is severely wounded.
The neqoxec hits you!
You die...

###
#+###M#
##@##.#.#
+.<3M##$'.
##.###
3#... #+#
##M....
...3 ~§S
~~~


You could see a neqoxec and Menkaure.

Vanquished Creatures
  A neqoxec (D)
1 creature vanquished.

Notes
Turn   | Place    | Note
-------+----------+-------------------------------------------
     0 | D        | boopmooplesden the Minotaur Berserker began the quest for
                  | the Orb.
     0 | D        | Reached XP level 1. HP: 19/19 MP: 0/0
     1 | D        | Noticed a neqoxec
     9 | D        | Killed a neqoxec
    10 | D        | Reached XP level 2. HP: 21/35 MP: 1/1
    10 | D        | Reached XP level 3. HP: 25/40 MP: 2/2
    10 | D        | Reached XP level 4. HP: 30/48 MP: 3/3
    11 | D        | Noticed a neqoxec
    11 | D        | Noticed a neqoxec
    11 | D        | Noticed Menkaure
    11 | D        | Noticed a water moccasin
    18 | D        | Gained mutation: You are weak. (Str -2) [a neqoxec]
    25 | D        | Slain by a neqoxec

Illustrated notes

Levels and vault maps discovered:
D:        the_violet_keep_of_menkaure [sprint2_stairs_cluster_1,
          sprint2_shoproom, sprint2_temple, sprint2_basic_supplies,
          sprint2_obstacle_4, sprint2_obstacle_2, sprint2_obstacle_1,
          sprint2_obstacle_6, sprint2_obstacle_5, sprint2_timed_cluster_1,
          sprint2_smallroom_cluster_1, sprint2_smallroom_final_cluster_1,
          sprint2_transparent_cluster_1, sprint2_second_timed_cluster_1,
          sprint2_sniper_area_1, sprint2_heavy_combat_area_1,
          sprint2_mutation_trap_area_1, sprint2_forest_area_1,
          sprint2_light_combat_area_1, sprint2_behind_water_1,
          sprint2_near_end_vault_1]

Skill      XL: |  1 |
---------------+----+-----
Fighting       | 8 |  8.0
Long Blades    | 8 |  8.3
Armour         | 4 |  4.4
Dodging        | 3 |  3.9

Action                   |  1- 3 |  4- 6 || total
-------------------------+-------+-------++-------
Melee: Falchion          |     6 |     7 ||    13
       Headbutt          |       |     1 ||     1
       Punch             |       |     1 ||     1
Invok: Berserk           |     1 |       ||     1
  Use: Potion            |       |     2 ||     2
Dodge: Dodged            |       |     5 ||     5
